 Dungeon Crawl Stone Soup version 0.24.0-125-gc4c63601f3 (webtiles) character file.

Game seed: 13857555627477666693, levelgen mode: deterministic

8763 Darkdai the Blocker (level 11, -22/89 HPs)
             Began as a Gnoll Fighter on Mar 8, 2020.
             Was an Elder of Okawaru.
             Killed by a stone arrow (40 damage)
             ... invoked by the wrath of Vehumet
             ... on level 1 of the Lair of Beasts on Mar 19, 2020.
             The game lasted 00:48:51 (11574 turns).

Darkdai the Blocker (Gnoll Fighter)                Turns: 11574, Time: 00:48:52

Health: -22/89     AC: 11    Str: 24    XL:     11   Next: 35%
Magic:  20/20      EV: 14    Int: 11    God:    Okawaru [****..]
Gold:   796        SH:  0    Dex: 16    Spells: 12/22 levels left

rFire    . . .     SeeInvis .   O - +5 dire flail (crush)
rCold    . . .     Gourm    .   (shield currently unavailable)
rNeg     + . .     Faith    .   b - +0 scale mail
rPois    .         Spirit   .   (no helmet)
rElec    .         Reflect  .   Q - +2 cloak
rCorr    .         Harm     .   (no gloves)
MR       .....                  (no boots)
Stlth    ++........             (no amulet)
HPRegen  0.24/turn              g - ring of positive energy
MPRegen  0.17/turn              C - +4 ring of strength

@: hasted, very quick
A: distributed training, fangs 1, strong nose
a: Heroism, Renounce Religion


You were on level 1 of the Lair of Beasts.
You worshipped Okawaru.
Okawaru was greatly pleased with you.
You were not hungry.

You visited 3 branches of the dungeon, and saw 11 of its levels.

You collected 796 gold pieces.

Inventory:

Hand Weapons
 a - a +0 war axe
 j - a +2 hunting sling of freezing
 n - a +0 trident
 p - a +2 quarterstaff of chaos
 r - a +0 long sword
 y - a +3 dagger
 M - a +0 shortbow
 O - a +5 dire flail of crushing (weapon)
Missiles
 k - 72 bolts
 l - 356 stones (quivered)
 s - 282 arrows
 T - 5 silver boomerangs
Armour
 b - a +0 scale mail (worn)
 c - a +0 shield
 q - a +0 cloak
 u - a +0 buckler
 G - a +0 plate armour
 H - a +0 leather armour
 P - a +0 robe
 Q - a +2 cloak (worn)
 Z - a +0 cloak
Magical Staves
 w - an uncursed staff of conjuration
 K - an uncursed staff of summoning
Jewellery
 g - a ring of positive energy (left hand)
 C - a +4 ring of strength (right hand)
 R - an uncursed ring of resist corrosion
 U - an uncursed ring of poison resistance {unknown}
 X - an uncursed ring of flight {unknown}
Wands
 o - a wand of flame (47)
 t - a wand of disintegration (30)
 B - a wand of paralysis (10)
 N - a wand of enslavement (4)
 W - a wand of digging (5)
Scrolls
 h - a scroll of fog
 v - 3 scrolls of noise
 x - a scroll of enchant weapon
 A - 3 scrolls of remove curse
 E - 3 scrolls of amnesia
 I - 2 scrolls of teleportation
 L - a scroll of identify
 V - 2 scrolls of magic mapping
 Y - a scroll of holy word {unknown}
Potions
 e - 3 potions of brilliance
 i - 4 potions of lignification
 m - a potion of mutation {unknown}
 z - 4 potions of flight {unknown}
 D - 5 potions of ambrosia {unknown}
 F - 2 potions of degeneration {unknown}
 J - a potion of curing
 S - a potion of cancellation {unknown}
Comestibles
 f - 12 rations


   Skills:
 + Level 9.0 Fighting
 + Level 6.1 Short Blades
 + Level 6.1 Long Blades
 + Level 7.7 Axes
 + Level 6.1 Maces & Flails
 + Level 6.1 Polearms
 + Level 6.1 Staves
 + Level 6.1 Slings
 + Level 6.1 Bows
 + Level 6.1 Crossbows
 + Level 6.1 Throwing
 + Level 9.0 Armour
 + Level 6.1 Dodging
 + Level 6.1 Stealth
 + Level 9.0 Shields
 + Level 6.1 Unarmed Combat
 + Level 6.1 Spellcasting
 + Level 5.0 Conjurations
 + Level 5.0 Hexes
 + Level 5.0 Charms
 + Level 5.0 Summonings
 + Level 5.0 Necromancy
 + Level 5.0 Translocations
 + Level 5.0 Transmutations
 + Level 5.0 Fire Magic
 + Level 5.0 Ice Magic
 + Level 5.0 Air Magic
 + Level 5.0 Earth Magic
 + Level 5.0 Poison Magic
 + Level 6.7 Invocations
 + Level 6.1 Evocations


You had 12 spell levels left.
You knew the following spells:

 Your Spells              Type           Power        Failure   Level  Hunger
a - Magic Dart            Conj           ##..         4%          1    None
b - Call Imp              Summ           ##......     8%          2    ##.....
c - Flame Tongue          Conj/Fire      ##...        4%          1    None
d - Freeze                Ice            ##..         4%          1    None
e - Blink                 Tloc           N/A          8%          2    ##.....
f - Mephitic Cloud        Conj/Pois/Air  ##......     16%         3    ###....

Your spell library contained the following spells:

 Spells                   Type           Power        Failure   Level  Hunger
 Shock                    Conj/Air       ##..         4%          1    None
 Slow                     Hex            ##......     8%          2    ##.....
 Swiftness                Chrm/Air       ##......     8%          2    ##.....
 Conjure Flame            Conj/Fire      ##......     16%         3    ###....
 Static Discharge         Conj/Air       ##......     16%         3    ###....
 Airstrike                Air            ##........   45%         4    ####...
 Bolt of Magma            Conj/Fire/Erth ##........   80%         5    ######.
 Iskenderun's Battlesphe  Conj/Chrm      ##......     80%         5    ######.
 Lightning Bolt           Conj/Air       ##........   80%         5    ######.
 Venom Bolt               Conj/Pois      ##........   80%         5    ######.
 Iron Shot                Conj/Erth      ##........   100%        6    #######
 Orb of Destruction       Conj           ##........   100%        7    #######
 Spellforged Servitor     Conj/Summ      ##........   100%        7    #######


Dungeon Overview and Level Annotations

Branches:
Dungeon (9/15)             Temple (1/1) D:6            Lair (1/6) D:9
    Orc: D:9-12

Altars:
Ashenzari
Cheibriados
Dithmenos
Elyvilon
Fedhas
Gozag
Hepliaklqana
Kikubaaqudgha
Makhleb
Nemelex Xobeh
Okawaru
Qazlal
Ru
Sif Muna
Trog
Uskayaw
Vehumet
Wu Jian
Xom
Yredelemnul
Zin
The Shining One


Innate Abilities, Weirdness & Mutations

Your experience applies equally to all skills.
You have very sharp teeth.
Your uncanny sense of smell can sniff out nearby items.


Message History

The yak is lightly wounded.
The yak gores you but does no damage. The yak gores you.
* * * LOW HITPOINT WARNING * * *
You closely miss the yak.
The yak gores you but does no damage. x2
You bludgeon the yak!!
The yak is heavily wounded.
You impale the yak!!
You kill the yak!
Okawaru accepts your kill. The yak closely misses you.
You feel better. The yak gores you but does no damage.
You hit the yak.
The yak is moderately wounded.
You bludgeon the yak!!
You kill the yak!
Okawaru accepts your kill.
You start resting.
Vehumet rains destruction down upon you!
The stone arrow hits you!!!
You die...

##.######......... ..P
#P.##..#... #.#
##..##.#... .#
########.. .# #.. # ?#
#.. ..#.#####.# #..
#....##.#†#.## #..
#....@†...# ##.
#.##.#†##.+ #..
#.##.### #.. #.##.##
#.. ######.#...# #..
#.##.#.....##### #..
#..............# #..
#.......#P.........####
#..
#.###...##.P..........#
#.#


You could see the wrath of Vehumet (unaware).

Vanquished Creatures
  A tengu warrior (D:9)
  A black mamba (Lair:1)
  4 spiny frogs (Lair:1)
  A troll (D:9)
  Sigmund (D:6)
  11 yaks
  A hungry ghost (D:8)
  Edmund (D:6)
  4 water moccasins
  An orc warrior (D:8)
  2 porcupines (Lair:1)
  An ice beast (D:5)
  3 sky beasts
  4 phantoms
  6 ogres
  2 necrophages
  4 wolves (Lair:1)
  3 centaurs
  2 big kobolds
  5 bullfrogs
  A water moccasin zombie (D:7)
  3 killer bees (D:9)
  2 howler monkeys
  4 crimson imps
  A bullfrog zombie (D:7)
  2 orc priests (D:6)
  A hound (D:6)
  2 jellies (D:6)
  8 orc wizards
  A gnoll shaman (D:6)
  Crazy Yiuf (D:2)
  2 centaur skeletons (D:5)
  An iguana (D:8)
  6 worker ants
  A killer bee zombie (D:6)
  A worker ant zombie (D:9)
  7 gnolls
  A howler monkey skeleton (D:8)
  9 adders
  A shadow imp (D:6)
  An adder zombie (D:6)
  4 worms
  3 dart slugs
  6 leopard geckos
  19 orcs
  7 bats
  2 bat zombies (D:6)
  4 giant cockroaches
  8 goblins
  10 hobgoblins
  19 jackals
  10 kobolds
  5 quokkas
  2 ball pythons
  7 frilled lizards
  A leopard gecko zombie (D:8)
  A quokka skeleton (D:9)
  A quokka zombie (D:6)
  10 rats
233 creatures vanquished.

Vanquished Creatures (collateral kills)
  An orc wizard (D:6)
1 creature vanquished.

Vanquished Creatures (others)
  A fungus (Lair:1)
1 creature vanquished.

Grand Total: 235 creatures vanquished

Notes
Turn   | Place    | Note
-------+----------+-------------------------------------------
     0 | D:1      | Darkdai the Gnoll Fighter began the quest for the Orb.
     0 | D:1      | Reached XP level 1. HP: 23/23 MP: 1/1
   229 | D:1      | Reached XP level 2. HP: 29/29 MP: 2/2
  1025 | D:2      | Reached XP level 3. HP: 30/35 MP: 3/3
  1135 | D:2      | Reached skill level 1 in Invocations
  1247 | D:2      | Found a runed translucent door.
  1248 | D:2      | Noticed Crazy Yiuf
  1257 | D:2      | Killed Crazy Yiuf
  1257 | D:2      | Reached skill level 1 in Short Blades
  1257 | D:2      | Reached skill level 1 in Long Blades
  1257 | D:2      | Reached skill level 1 in Maces & Flails
  1257 | D:2      | Reached skill level 1 in Polearms
  1257 | D:2      | Reached skill level 1 in Staves
  1257 | D:2      | Reached skill level 1 in Slings
  1257 | D:2      | Reached skill level 1 in Bows
  1257 | D:2      | Reached skill level 1 in Crossbows
  1257 | D:2      | Reached skill level 1 in Throwing
  1257 | D:2      | Reached skill level 1 in Dodging
  1257 | D:2      | Reached skill level 1 in Stealth
  1257 | D:2      | Reached skill level 1 in Unarmed Combat
  1257 | D:2      | Reached skill level 1 in Spellcasting
  1257 | D:2      | Reached skill level 1 in Evocations
  1257 | D:2      | Reached XP level 4. HP: 34/41 MP: 5/5
  1448 | D:2      | Reached skill level 1 in Conjurations
  1448 | D:2      | Reached skill level 1 in Hexes
  1448 | D:2      | Reached skill level 1 in Charms
  1448 | D:2      | Reached skill level 1 in Summonings
  1448 | D:2      | Reached skill level 1 in Necromancy
  1448 | D:2      | Reached skill level 1 in Translocations
  1448 | D:2      | Reached skill level 1 in Transmutations
  1448 | D:2      | Reached skill level 1 in Fire Magic
  1448 | D:2      | Reached skill level 1 in Ice Magic
  1448 | D:2      | Reached skill level 1 in Air Magic
  1448 | D:2      | Reached skill level 1 in Earth Magic
  1448 | D:2      | Reached skill level 1 in Poison Magic
  1465 | D:2      | Reached XP level 5. HP: 31/47 MP: 6/6
  1784 | D:2      | Found a hazy altar of Hepliaklqana.
  1930 | D:2      | Learned a level 1 spell: Magic Dart
  2865 | D:4      | Reached XP level 6. HP: 53/53 MP: 8/8
  2884 | D:4      | Reached skill level 5 in Axes
  3096 | D:4      | Found a radiant altar of Vehumet.
  3105 | D:4      | Became a worshipper of Vehumet
  3619 | D:4      | Learned a level 2 spell: Call Imp
  3622 | D:5      | Entered Level 5 of the Dungeon
  3626 | D:5      | Reached XP level 7. HP: 49/59 MP: 7/10
  3722 | D:5      | Found an ornate altar of the Wu Jian Council.
  4618 | D:6      | Found a shimmering altar of Xom.
  4635 | D:6      | Reached XP level 8. HP: 33/67 MP: 12/12
  4783 | D:6      | Reached * piety under Vehumet
  4783 | D:6      | Offered knowledge of Flame Tongue by Vehumet.
  4866 | D:6      | Noticed Edmund
  4889 | D:6      | Killed Edmund
  4939 | D:6      | Noticed Sigmund
  4943 | D:6      | Killed Sigmund
  4989 | D:6      | Learned a level 1 spell: Flame Tongue
  5052 | D:6      | Reached XP level 9. HP: 65/72 MP: 14/14
  5065 | D:6      | Found a staircase to the Ecumenical Temple.
  5230 | Temple   | Entered the Ecumenical Temple
  5968 | D:6      | Found an ancient bone altar of Kikubaaqudgha.
  6454 | D:7      | Offered knowledge of Freeze by Vehumet.
  6457 | D:7      | Learned a level 1 spell: Freeze
  6537 | D:7      | Reached ** piety under Vehumet
  6951 | D:7      | Learned a level 2 spell: Blink
  6955 | D:7      | Learned a level 3 spell: Mephitic Cloud
  6994 | D:7      | Found an iron altar of Okawaru.
  6997 | D:7      | Fell from the grace of Vehumet
  6997 | D:7      | Became a worshipper of Warmaster Okawaru
  7036 | D:7      | Found a shattered altar of Ashenzari.
  7403 | D:8      | Was placed under penance by Okawaru
  7475 | D:8      | Reached skill level 5 in Invocations
  7748 | D:8      | Was forgiven by Okawaru
  7816 | D:8      | Reached XP level 10. HP: 80/80 MP: 15/17
  7825 | D:8      | Found a snail-covered altar of Cheibriados.
  8086 | D:9      | Reached * piety under Okawaru
  8086 | D:9      | Reached skill level 5 in Short Blades
  8086 | D:9      | Reached skill level 5 in Long Blades
  8086 | D:9      | Reached skill level 5 in Maces & Flails
  8086 | D:9      | Reached skill level 5 in Polearms
  8086 | D:9      | Reached skill level 5 in Staves
  8086 | D:9      | Reached skill level 5 in Slings
  8086 | D:9      | Reached skill level 5 in Bows
  8086 | D:9      | Reached skill level 5 in Crossbows
  8086 | D:9      | Reached skill level 5 in Throwing
  8086 | D:9      | Reached skill level 5 in Dodging
  8086 | D:9      | Reached skill level 5 in Stealth
  8086 | D:9      | Reached skill level 5 in Unarmed Combat
  8086 | D:9      | Reached skill level 5 in Spellcasting
  8086 | D:9      | Reached skill level 5 in Evocations
  8590 | D:9      | Found a shadowy altar of Dithmenos.
  8693 | D:9      | Found a staircase to the Lair.
  8728 | D:9      | Found a hide-covered altar of Uskayaw.
  8728 | D:9      | Noticed a +0 dagger
  8728 | D:9      | Noticed a +0 dagger
  8968 | D:9      | Found a glowing silver altar of Zin.
  9288 | D:9      | Reached ** piety under Okawaru
  9416 | D:9      | Noticed a tengu warrior
  9431 | D:9      | Killed a tengu warrior
  9866 | Lair:1   | Entered Level 1 of the Lair of Beasts
  9906 | Lair:1   | Noticed a spiny frog
  9912 | Lair:1   | Noticed a black mamba
  9917 | Lair:1   | Killed a spiny frog
  9917 | Lair:1   | Reached *** piety under Okawaru
  9925 | Lair:1   | Killed a black mamba
 10338 | Lair:1   | Reached XP level 11. HP: 87/87 MP: 19/19
 10614 | Lair:1   | Reached **** piety under Okawaru
 11547 | Lair:1   | Reached skill level 5 in Conjurations
 11547 | Lair:1   | Reached skill level 5 in Hexes
 11547 | Lair:1   | Reached skill level 5 in Charms
 11547 | Lair:1   | Reached skill level 5 in Summonings
 11547 | Lair:1   | Reached skill level 5 in Necromancy
 11547 | Lair:1   | Reached skill level 5 in Translocations
 11547 | Lair:1   | Reached skill level 5 in Transmutations
 11547 | Lair:1   | Reached skill level 5 in Fire Magic
 11547 | Lair:1   | Reached skill level 5 in Ice Magic
 11547 | Lair:1   | Reached skill level 5 in Air Magic
 11547 | Lair:1   | Reached skill level 5 in Earth Magic
 11547 | Lair:1   | Reached skill level 5 in Poison Magic
 11562 | Lair:1   | Received a gift from Okawaru
 11574 | Lair:1   | Killed by a stone arrow

Levels and vault maps discovered:
D:1:      wander_arrival_desolate, layout_basic
D:2:      layout_rooms, marbit_many_paths, first_ration, uniq_crazy_yiuf_cottage
D:3:      layout_basic, minmay_increasing_density
D:4:      layout_loops_cross, overflow_temple_1_default
D:5:      layout_rooms, kennysheep_mini_moat, minmay_crossroads
D:6:      layout_cave_pods, lemuel_round_altar,
          lemuel_zombie_altar_kikubaaqudgha, temple_fountains, enter_ossuary_5,
          sigmund_edmund_badplayer
D:7:      layout_rooms, kennysheep_mini, lemuel_round_altar
D:8:      layout_basic, cheibriados_altar_1
D:9:      layout_rooms, dancing_weapons_uskayaw, lemuel_round_altar,
          zin_scriptorium, lair_entry_dummy, serial_co_window_serial,
          co_window_paths_b, co_window_paths_b, co_window_paths_a,
          co_window_paths_a, co_window_paths_b, co_window_corner_a,
          co_window_of_opportunity_b, co_window_broadway_c,
          co_window_of_opportunity_b, co_window_paths_c, co_window_corner_cb,
          co_window_corner_ca, co_window_corner_b, glass_columns_b,
          glass_columns_b, glass_columns_b, blue_anna_alchemist
          [blue_anna_fruit_fields, blue_anna_fruit_fields]
Temple:   minmay_temple_curvy_loop
Lair:1:   dpeg_oklob_gauntlet, layout_loops_ring, grunt_megastairs_3,
          lemuel_fruit_tree, uniq_harold

Skill      XL: |  1  2  3  4  5  6  7  8  9 10 11 |
---------------+----------------------------------+-----
Invocations    | 1 2 3 4 5 6 |  6.7
Short Blades   | 1 2 3 4 5 6 |  6.1
Long Blades    | 1 2 3 4 5 6 |  6.1
Maces & Flails | 1 2 3 4 5 6 |  6.1
Polearms       | 1 2 3 4 5 6 |  6.1
Staves         | 1 2 3 4 5 6 |  6.1
Slings         | 1 2 3 4 5 6 |  6.1
Bows           | 1 2 3 4 5 6 |  6.1
Crossbows      | 1 2 3 4 5 6 |  6.1
Throwing       | 1 2 3 4 5 6 |  6.1
Dodging        | 1 2 3 4 5 6 |  6.1
Stealth        | 1 2 3 4 5 6 |  6.1
Unarmed Combat | 1 2 3 4 5 6 |  6.1
Spellcasting   | 1 2 3 4 5 6 |  6.1
Evocations     | 1 2 3 4 5 6 |  6.1
Conjurations   | 1 2 3 4 5 |  5.0
Hexes          | 1 2 3 4 5 |  5.0
Charms         | 1 2 3 4 5 |  5.0
Summonings     | 1 2 3 4 5 |  5.0
Necromancy     | 1 2 3 4 5 |  5.0
Translocations | 1 2 3 4 5 |  5.0
Transmutations | 1 2 3 4 5 |  5.0
Fire Magic     | 1 2 3 4 5 |  5.0
Ice Magic      | 1 2 3 4 5 |  5.0
Air Magic      | 1 2 3 4 5 |  5.0
Earth Magic    | 1 2 3 4 5 |  5.0
Poison Magic   | 1 2 3 4 5 |  5.0
Axes           | 5 6 7 |  7.7
Fighting       | 7 8 9 |  9.0
Armour         | 7 8 9 |  9.0
Shields        | 7 8 9 |  9.0

Action                   |  1- 3 |  4- 6 |  7- 9 | 10-12 || total
-------------------------+-------+-------+-------+-------++-------
Melee: War axe           |    52 |    12 |    17 |       ||    81
       Bite              |     7 |     1 |    15 |    18 ||    41
       Dagger            |       |     2 |       |       ||     2
       Hunting sling     |       |       |     3 |       ||     3
       Dire flail        |       |       |   141 |   207 ||   348
 Fire: Hunting sling     |    46 |   142 |   197 |       ||   385
Throw: Stone             |       |       |     5 |       ||     5
 Cast: Call Imp          |       |       |     4 |       ||     4
       Flame Tongue      |       |       |     2 |       ||     2
       Blink             |       |       |     1 |       ||     1
Evoke: Wand              |       |     1 |       |       ||     1
  Use: Potion            |       |     1 |     9 |     6 ||    16
       Scroll            |       |     3 |    12 |     3 ||    18
 Stab: Paralysed         |       |     2 |       |       ||     2
       Sleeping          |       |       |       |     2 ||     2
  Eat: Ration            |     1 |     1 |     5 |     5 ||    12
Armor: Scale mail        |    30 |    17 |    32 |    90 ||   169
       Skin              |       |    12 |       |       ||    12
       Leather armour    |       |       |    41 |       ||    41
Dodge: Dodged            |    22 |    23 |   177 |   152 ||   374
Block: Shield            |    51 |    58 |    50 |       ||   159
